AA
MILWAUKEE MILKMEN @ CLEBURNE RAILROADERS
07/24/2072
 
TOP OF THE 1ST
Sioux City Explorers batting - Pitching for Sioux Falls Canaries : RHP Grady Wood
Pitching: RHP Grady Wood
Batting: RHB Steve MacIntosh 0-0: Ball
1-0: Called Strike
1-1: SINGLE (Groundball, 4MD, EV 96.2 MPH)
Batting: RHB Albert Trevino 0-0: Ball
1-0: Called Strike
1-1: Swinging Strike
1-2: Ball
2-2: Grounds into double play, 6-4-3 (Groundball, 6, EV 100.6 MPH)
Batting: LHB Nate Powers 0-0: Called Strike
0-1: Ball
1-1: Foul Ball, location: 2F
1-2: Fly out, F8 (Flyball, 89D, EV 73.8 MPH)
Top of the 1st over - 0 runs, 1 hit, 0 errors, 0 left on base; Sioux City 0 - Sioux Falls 0
BOTTOM OF THE 1ST
Sioux Falls Canaries batting - Pitching for Sioux City Explorers : RHP Billy Damon
Pitching: RHP Billy Damon
Batting: RHB Chris Parker 0-0: Foul Ball, location: 2F
0-1: SINGLE (Groundball, 25, EV 63.8 MPH) (infield hit)
Batting: LHB Julio Trujillo 0-0: Ball
1-0: Called Strike
1-1: Foul Ball, location: 2F
1-2: Foul Ball, location: 2F
1-2: Ball
2-2: Foul Ball, location: 2F
2-2: Foul Ball, location: 2F
2-2: Ball
3-2: Foul Ball, location: 2F
3-2: Base on Balls
Chris Parker to second
Batting: LHB Manny Munoz 0-0: Swinging Strike
0-1: Ball
1-1: Ball
2-1: Grounds into double play, 4-6-3 (Groundball, 4, EV 91.2 MPH)
Chris Parker to third
Batting: LHB Mike Norris 0-0: Ball
1-0: Ball
2-0: Ball
3-0: Called Strike
3-1: Ground out 5-3 (Groundball, 56, EV 83.8 MPH)
Bottom of the 1st over - 0 runs, 1 hit, 0 errors, 1 left on base; Sioux City 0 - Sioux Falls 0
TOP OF THE 2ND
Sioux City Explorers batting - Pitching for Sioux Falls Canaries : RHP Grady Wood
Batting: RHB Danny Mondragon 0-0: Ball
1-0: Called Strike
1-1: Fly out, F7 (Line Drive, 7D, EV 93.1 MPH)
Batting: RHB Casey Wicks 0-0: Ball
1-0: DOUBLE (Line Drive, 78D, EV 106.9 MPH)
Batting: RHB Pat Desormeaux 0-0: Foul Ball, location: 2F
0-1: Ball
1-1: Swinging Strike
1-2: Ground out 6-3 (Groundball, 6, EV 80.6 MPH)
Batting: RHB Teruo Tanaka 0-0: Called Strike
0-1: Fly out, F8 (Flyball, 8LXD, EV 96.9 MPH)
Top of the 2nd over - 0 runs, 1 hit, 0 errors, 1 left on base; Sioux City 0 - Sioux Falls 0
BOTTOM OF THE 2ND
Sioux Falls Canaries batting - Pitching for Sioux City Explorers : RHP Billy Damon
Batting: RHB Antonio Santiago 0-0: Called Strike
0-1: Ball
1-1: Ball
2-1: Called Strike
2-2: Strikes out swinging
Batting: RHB Danny Lee 0-0: Foul Ball, location: 2F
0-1: Swinging Strike
0-2: Ball
1-2: SOLO HOME RUN (Flyball, 78XD, EV 98.1 MPH), Distance : 413 ft
Batting: RHB Enrique Castro 0-0: Ball
1-0: Ball
2-0: SINGLE (Groundball, 34D, EV 98.1 MPH)
Batting: SHB Bobby Ozuna 0-0: Ball
1-0: Ball
2-0: Ball
3-0: Called Strike
3-1: Called Strike
3-2: Strikes out swinging
Enrique Castro is caught stealing 2nd base 2-6
Batter strikes out.
Bottom of the 2nd over - 1 run, 2 hits, 0 errors, 0 left on base; Sioux City 0 - Sioux Falls 1
TOP OF THE 3RD
Sioux City Explorers batting - Pitching for Sioux Falls Canaries : RHP Grady Wood
Batting: RHB Brady Pomerantz 0-0: Ball
1-0: Ball
2-0: Hit by Pitch
Batting: RHB Ramon Alcantara 0-0: Ball
1-0: Ball
2-0: Ball
3-0: Called Strike
3-1: Foul Ball, location: 2F
3-2: Fly out, F6 (Popup, 6MS, EV 64.4 MPH)
Batting: RHB Steve MacIntosh 0-0: Swinging Strike
0-1: Ball
1-1: Ball
2-1: Ball
3-1: Swinging Strike
3-2: Foul Ball, location: 2F
3-2: Foul Ball, location: 2F
3-2: DOUBLE (Line Drive, 78M, EV 103.8 MPH)
Brady Pomerantz to third
Batting: RHB Albert Trevino 0-0: Ball
1-0: Ball
2-0: Called Strike
2-1: Fly out, F8 (Flyball, 89D, EV 85.0 MPH)
Runner from 3rd tags up, SCORES, throw by CF
Steve MacIntosh to third
Batting: LHB Nate Powers 0-0: Ball
1-0: Ball
2-0: Ball
3-0: Called Strike
3-1: Base on Balls
Batting: RHB Danny Mondragon 0-0: Ball
1-0: Ground out 4-3 (Groundball, 4, EV 111.9 MPH)
Top of the 3rd over - 1 run, 1 hit, 0 errors, 2 left on base; Sioux City 1 - Sioux Falls 1
BOTTOM OF THE 3RD
Sioux Falls Canaries batting - Pitching for Sioux City Explorers : RHP Billy Damon
Batting: RHB Sean Stewart 0-0: Ball
1-0: Called Strike
1-1: Ball
2-1: Foul Ball, location: 2F
2-2: SOLO HOME RUN (Flyball, 7LD, EV 90.0 MPH), Distance : 358 ft
Batting: RHB Chris Parker 0-0: Ball
1-0: Ball
2-0: Foul Ball, location: 2F
2-1: Foul Ball, location: 2F
2-2: Foul Ball, location: 2F
2-2: Ground out 5-3 (Groundball, 5, EV 83.1 MPH)
Batting: LHB Julio Trujillo 0-0: Foul Ball, location: 2F
0-1: Ball
1-1: Called Strike
1-2: Fly out, F8 (Flyball, 8RS, EV 75.6 MPH)
Batting: LHB Manny Munoz 0-0: Ball
1-0: Ground out U3 (Groundball, 3L, EV 78.8 MPH)
Bottom of the 3rd over - 1 run, 1 hit, 0 errors, 0 left on base; Sioux City 1 - Sioux Falls 2
TOP OF THE 4TH
Sioux City Explorers batting - Pitching for Sioux Falls Canaries : RHP Grady Wood
Batting: RHB Casey Wicks 0-0: Foul Ball, location: 2F
0-1: Swinging Strike
0-2: Ball
1-2: SINGLE (Line Drive, 89S, EV 95.0 MPH)
Batting: RHB Pat Desormeaux 0-0: Ball
1-0: Ball
2-0: Ball
3-0: Called Strike
3-1: Base on Balls
Casey Wicks to second
Batting: RHB Teruo Tanaka 0-0: Ball
1-0: Fly out, F8 (Flyball, 8LM, EV 86.2 MPH)
Batting: RHB Brady Pomerantz 0-0: Ball
1-0: Ball
2-0: Ball
3-0: Called Strike
3-1: Grounds into double play, 6-4-3 (Groundball, 6, EV 86.2 MPH)
Top of the 4th over - 0 runs, 1 hit, 0 errors, 1 left on base; Sioux City 1 - Sioux Falls 2
BOTTOM OF THE 4TH
Sioux Falls Canaries batting - Pitching for Sioux City Explorers : RHP Billy Damon
Batting: LHB Mike Norris 0-0: Called Strike
0-1: Foul Ball, location: 2F
0-2: Foul Ball, location: 2F
0-2: Ball
1-2: SINGLE (Line Drive, 78S, EV 93.8 MPH)
Batting: RHB Antonio Santiago 0-0: Ball
1-0: Swinging Strike
1-1: Ball
2-1: 2-RUN HOME RUN (Flyball, 7D, EV 101.2 MPH), Distance : 389 ft
Batting: RHB Danny Lee 0-0: Fly out, F9 (Flyball, 9D, EV 96.2 MPH)
Batting: RHB Enrique Castro 0-0: Ball
1-0: Ball
2-0: Ball
3-0: Called Strike
3-1: Fly out, F8 (Flyball, 78M, EV 83.1 MPH)
Batting: SHB Bobby Ozuna 0-0: Foul Ball, location: 2F
0-1: Ball
1-1: Called Strike
1-2: Foul Ball, location: 2F
1-2: Ball
2-2: Ball
3-2: Base on Balls
Batting: RHB Sean Stewart 0-0: Foul Ball, location: 2F
0-1: Called Strike
Bobby Ozuna steals 2nd base
0-2: Ball
1-2: Foul Ball, location: 2F
1-2: Ball
2-2: Ground out 1-3 (Groundball, 25, EV 74.4 MPH)
Bottom of the 4th over - 2 runs, 2 hits, 0 errors, 1 left on base; Sioux City 1 - Sioux Falls 4
TOP OF THE 5TH
Sioux City Explorers batting - Pitching for Sioux Falls Canaries : RHP Grady Wood
Batting: RHB Ramon Alcantara 0-0: Ball
1-0: Called Strike
1-1: Ball
2-1: Reached on error, E5 (Groundball, 56S, EV 71.2 MPH)
Batting: RHB Steve MacIntosh 0-0: Ball
1-0: DOUBLE (Line Drive, 9LD, EV 102.5 MPH)
Ramon Alcantara to third
Runner from 3rd tries for Home, SAFE, throw by RF to trailing runner, SAFE at third!
Batting: RHB Albert Trevino 0-0: Ball
1-0: Fly out, F9 (Line Drive, 9, EV 87.5 MPH)
Runner from 3rd tags up, SCORES, no throw by RF
Batting: LHB Nate Powers 0-0: Foul Ball, location: 2F
0-1: Foul Ball, location: 2F
0-2: Foul Ball, location: 2F
0-2: DOUBLE (Flyball, 89XD, EV 110.0 MPH)
Batting: RHB Danny Mondragon 0-0: Ball
1-0: Called Strike
1-1: Ball
2-1: Ball
3-1: 2-RUN HOME RUN (Flyball, 78XD, EV 90.0 MPH), Distance : 406 ft
Batting: RHB Casey Wicks 0-0: Swinging Strike
0-1: Foul Ball, location: 2F
0-2: Strikes out swinging
Batting: RHB Pat Desormeaux 0-0: Ground out 6-3 (Groundball, 6, EV 87.5 MPH)
Top of the 5th over - 4 runs, 3 hits, 1 error, 0 left on base; Sioux City 5 - Sioux Falls 4
BOTTOM OF THE 5TH
Sioux Falls Canaries batting - Pitching for Sioux City Explorers : RHP Billy Damon
Batting: RHB Chris Parker 0-0: Ball
1-0: Ground out 5-3 (Groundball, 56S, EV 70.6 MPH)
Batting: LHB Julio Trujillo 0-0: Called Strike
0-1: Swinging Strike
0-2: Ball
1-2: Strikes out looking
Batting: LHB Manny Munoz 0-0: Ball
1-0: Called Strike
1-1: Fly out, F5 (Popup, 5SF, EV 81.2 MPH)
Bottom of the 5th over - 0 runs, 0 hits, 0 errors, 0 left on base; Sioux City 5 - Sioux Falls 4
TOP OF THE 6TH
Sioux City Explorers batting - Pitching for Sioux Falls Canaries : RHP Grady Wood
Pitching: LHP Ted Freeman
Batting: RHB Teruo Tanaka 0-0: Called Strike
0-1: Ground out 1-3 (Groundball, 13S, EV 63.8 MPH)
Batting: RHB Brady Pomerantz 0-0: Fly out, F8 (Line Drive, 8LM, EV 91.2 MPH)
Batting: RHB Ramon Alcantara 0-0: DOUBLE (Line Drive, 89D, EV 107.5 MPH)
Batting: RHB Steve MacIntosh 0-0: Ball
1-0: Foul Ball, location: 2F
1-1: Swinging Strike
1-2: Ball
2-2: Reached on error, E6 (Groundball, 6, EV 101.9 MPH)
Ramon Alcantara to third
Batting: RHB Albert Trevino 0-0: Ball
1-0: Foul Ball, location: 2F
1-1: Called Strike
1-2: SINGLE (Groundball, 56, EV 107.5 MPH) (infield hit)
Ramon Alcantara scores
Steve MacIntosh to second
Batting: LHB Nate Powers 0-0: Called Strike
0-1: Swinging Strike
0-2: Foul Ball, location: 2F
0-2: Ball
1-2: DOUBLE (Flyball, 8LXD, EV 96.2 MPH)
Steve MacIntosh scores
Albert Trevino to third
Batting: RHB Danny Mondragon 0-0: SINGLE (Groundball, 5D, EV 96.9 MPH)
Albert Trevino scores
Nate Powers to third
Runner from 3rd tries for Home, SAFE, throw by LF to home
Pitching: LHP Felipe Falcon
Batting: RHB Casey Wicks 0-0: Ball
1-0: Called Strike
1-1: Swinging Strike
1-2: SINGLE (Flyball, 8LS, EV 84.4 MPH)
Danny Mondragon to second
Batting: RHB Pat Desormeaux 0-0: Hit by Pitch
Danny Mondragon to third
Casey Wicks to second
Batting: RHB Teruo Tanaka 0-0: Ball
1-0: Foul Ball, location: 2F
1-1: Ball
2-1: Ball
Wild Pitch!
Danny Mondragon scores
Casey Wicks to third
Pat Desormeaux to second
3-1: Base on Balls
Batting: RHB Brady Pomerantz 0-0: Ball
1-0: Ball
2-0: Ball
3-0: Called Strike
3-1: Base on Balls
Casey Wicks scores
Pat Desormeaux to third
Teruo Tanaka to second
Batting: RHB Ramon Alcantara 0-0: Ball
1-0: Called Strike
1-1: Foul Ball, location: 2F
1-2: Ball
2-2: Ball
3-2: Fly out, F7 (Flyball, 78D, EV 100.0 MPH)
Top of the 6th over - 6 runs, 5 hits, 1 error, 3 left on base; Sioux City 11 - Sioux Falls 4
BOTTOM OF THE 6TH
Sioux Falls Canaries batting - Pitching for Sioux City Explorers : RHP Billy Damon
Batting: LHB Mike Norris 0-0: Ball
1-0: Swinging Strike
1-1: Fly out, F7 (Flyball, 7LM, EV 90.6 MPH)
Batting: RHB Antonio Santiago 0-0: Called Strike
0-1: Ball
1-1: Ball
2-1: Ground out 5-3 (Groundball, 56, EV 79.4 MPH)
Batting: RHB Danny Lee 0-0: Called Strike
0-1: Ball
1-1: Called Strike
1-2: Strikes out swinging
Bottom of the 6th over - 0 runs, 0 hits, 0 errors, 0 left on base; Sioux City 11 - Sioux Falls 4
TOP OF THE 7TH
Sioux City Explorers batting - Pitching for Sioux Falls Canaries : LHP Felipe Falcon
Batting: RHB Steve MacIntosh 0-0: Swinging Strike
0-1: Ground out 6-3 (Groundball, 6, EV 85.6 MPH)
Batting: RHB Albert Trevino 0-0: Ball
1-0: Ball
2-0: Swinging Strike
2-1: Ball
3-1: Foul Ball, location: 2F
3-2: DOUBLE (Line Drive, 7LM, EV 107.5 MPH)
Batting: LHB Nate Powers 0-0: Foul Ball, location: 2F
0-1: 2-RUN HOME RUN (Flyball, 89XD, EV 106.2 MPH), Distance : 397 ft
Batting: RHB Danny Mondragon 0-0: Foul Ball, location: 2F
0-1: Ball
1-1: Ball
2-1: SINGLE (Groundball, 56S, EV 69.4 MPH) (infield hit)
Batting: RHB Casey Wicks 0-0: Foul Ball, location: 2F
0-1: Foul Ball, location: 2F
0-2: Foul Ball, location: 2F
0-2: Foul Ball, location: 2F
0-2: SINGLE (Line Drive, 56, EV 98.1 MPH)
Danny Mondragon to second
Batting: RHB Pat Desormeaux 0-0: Ball
1-0: Fly out, F9 (Flyball, 9, EV 78.1 MPH)
Batting: RHB Teruo Tanaka 0-0: Ball
1-0: Called Strike
1-1: Ball
2-1: Ball
3-1: Called Strike
3-2: Ground out 5-3 (Groundball, 56S, EV 80.6 MPH)
Top of the 7th over - 2 runs, 4 hits, 0 errors, 2 left on base; Sioux City 13 - Sioux Falls 4
BOTTOM OF THE 7TH
Sioux Falls Canaries batting - Pitching for Sioux City Explorers : RHP Billy Damon
Batting: RHB Enrique Castro 0-0: Ball
1-0: Fly out, F5 (Flyball, 5D, EV 75.0 MPH)
Batting: SHB Bobby Ozuna 0-0: Called Strike
0-1: Fly out, F9 (Flyball, 8RD, EV 87.5 MPH)
Batting: RHB Sean Stewart 0-0: Ball
1-0: Ball
2-0: Ball
3-0: Base on Balls
Pitching: RHP Matthew Yates
Batting: RHB Chris Parker 0-0: Foul Ball, location: 2F
0-1: Called Strike
0-2: Ball
1-2: Strikes out swinging
Bottom of the 7th over - 0 runs, 0 hits, 0 errors, 1 left on base; Sioux City 13 - Sioux Falls 4
TOP OF THE 8TH
Sioux City Explorers batting - Pitching for Sioux Falls Canaries : LHP Felipe Falcon
Batting: RHB Brady Pomerantz 0-0: Ball
1-0: Ball
2-0: Ground out 6-3 (Groundball, 56, EV 86.9 MPH)
Batting: RHB Ramon Alcantara 0-0: Ground out 5-3 (Groundball, 56S, EV 66.9 MPH)
Batting: RHB Steve MacIntosh 0-0: Ball
1-0: TRIPLE (Flyball, 89XD, EV 95.6 MPH)
Batting: RHB Albert Trevino 0-0: Ball
1-0: 2-RUN HOME RUN (Flyball, 7D, EV 103.1 MPH), Distance : 382 ft
Batting: LHB Nate Powers 0-0: Ball
1-0: Ball
2-0: Ball
3-0: Called Strike
3-1: Called Strike
3-2: Fly out, F8 (Line Drive, 8RM, EV 89.4 MPH)
Top of the 8th over - 2 runs, 2 hits, 0 errors, 0 left on base; Sioux City 15 - Sioux Falls 4
BOTTOM OF THE 8TH
Sioux Falls Canaries batting - Pitching for Sioux City Explorers : RHP Matthew Yates
Batting: LHB Julio Trujillo 0-0: Ball
1-0: Ball
2-0: Foul Ball, location: 2F
2-1: Called Strike
2-2: Ball
3-2: Ground out 4-3 (Groundball, 4, EV 80.0 MPH)
Batting: LHB Manny Munoz 0-0: Foul Ball, location: 2F
0-1: Hit by Pitch
Batting: LHB Mike Norris 0-0: Called Strike
0-1: Ball
1-1: Foul Ball, location: 2F
1-2: Strikes out swinging
Batting: RHB Antonio Santiago 0-0: Foul Ball, location: 2F
0-1: Ball
1-1: SINGLE (Flyball, 4D, EV 83.8 MPH)
Manny Munoz to second
Batting: RHB Danny Lee 0-0: Called Strike
0-1: Ball
1-1: Foul Ball, location: 2F
1-2: Strikes out swinging
Bottom of the 8th over - 0 runs, 1 hit, 0 errors, 2 left on base; Sioux City 15 - Sioux Falls 4
TOP OF THE 9TH
Sioux City Explorers batting - Pitching for Sioux Falls Canaries : LHP Felipe Falcon
Batting: RHB Danny Mondragon 0-0: Swinging Strike
0-1: Ball
1-1: Foul Ball, location: 2F
1-2: Foul Ball, location: 2F
1-2: Foul Ball, location: 2F
1-2: SOLO HOME RUN (Line Drive, 9D, EV 106.2 MPH), Distance : 367 ft
Pitching: RHP Larry Adkins
Batting: RHB Casey Wicks 0-0: Hit by Pitch
Batting: RHB Pat Desormeaux 0-0: Ball
1-0: DOUBLE (Line Drive, 7LM, EV 106.9 MPH)
Casey Wicks to third
Batting: RHB Teruo Tanaka 0-0: Ball
1-0: Called Strike
1-1: Fly out, F7 (Line Drive, 7D, EV 87.5 MPH)
Runner from 3rd tags up, SCORES, throw by LF
Pat Desormeaux to third
Batting: RHB Brady Pomerantz 0-0: Called Strike
0-1: Ground out 5-3 (Groundball, 5, EV 85.6 MPH)
Batting: RHB Ramon Alcantara 0-0: DOUBLE (Line Drive, 78XD, EV 106.2 MPH)
Pat Desormeaux scores
Batting: RHB Steve MacIntosh 0-0: Fly out, F6 (Line Drive, 6, EV 64.4 MPH)
Top of the 9th over - 3 runs, 3 hits, 0 errors, 1 left on base; Sioux City 18 - Sioux Falls 4
BOTTOM OF THE 9TH
Sioux Falls Canaries batting - Pitching for Sioux City Explorers : RHP Matthew Yates
Batting: RHB Enrique Castro 0-0: Foul Ball, location: 2F
0-1: Ball
1-1: Ball
2-1: Ball
3-1: Base on Balls
Batting: SHB Bobby Ozuna 0-0: Foul Ball, location: 2F
0-1: Ball
1-1: Ball
2-1: Ball
3-1: Swinging Strike
3-2: Foul Ball, location: 2F
3-2: Foul Ball, location: 2F
3-2: Foul Ball, location: 2F
3-2: Strikes out swinging
Enrique Castro steals 2nd base (no throw)
Batter strikes out.
Batting: RHB Sean Stewart 0-0: Called Strike
0-1: Ball
1-1: Called Strike
1-2: Strikes out swinging
Batting: RHB Chris Parker 0-0: Called Strike
0-1: Called Strike
0-2: Foul Ball, location: 2F
0-2: Ball
1-2: Ball
2-2: Ground out 6-3 (Groundball, 6, EV 110.6 MPH)
Bottom of the 9th over - 0 runs, 0 hits, 0 errors, 1 left on base; Sioux City 18 - Sioux Falls 4
Thursday, October 28th , 2021 - OOTP Baseball 22.10 Build 79